 Dungeon Crawl Stone Soup version 0.21-a0-509-gecc5317 (webtiles) character file.

2280 mortelune the Geomancer (level 9, -20/50 HPs)
             Began as a Gargoyle Earth Elementalist on Nov 30, 2017.
             Was a Priest of Sif Muna.
             Killed from afar by Gerstahl's ghost (32 damage)
             ... with a shard of ice
             ... on level 8 of the Dungeon.
             The game lasted 00:29:05 (9156 turns).

mortelune the Geomancer (GrEE)                      Turns: 9156, Time: 00:29:06

Health: -20/50     AC: 13    Str: 12    XL:     9   Next: 39%
Magic:  16/27      EV: 10    Int: 25    God:    Sif Muna [***...]
Gold:   190        SH:  0    Dex: 10    Spells: 11/20 levels left

rFire    . . .     SeeInvis +   y - +2 scimitar (holy)
rCold    x x .     Gourm    .   (no shield)
rNeg     + . .     Faith    .   O - +1 ring mail of Joy {rPois rF- rC- Int+6} (curse)
rPois    ∞         Spirit   .   (no helmet)
rElec    +         Reflect  .   (no cloak)
rCorr    .         Harm     .   (no gloves)
MR       .....                  (no boots)
Stlth    ++........             (no amulet)
HPRegen  0.16/turn              j - ring of magical power
MPRegen  0.20/turn              z - ring of Waugh {rF+ rC- Slay+5 SInv Stlth+}

@: no status effects
A: negative energy resistance 1, electricity resistance, unbreathing,
petrification resistance, rot immunity, AC +6
a: Divine Energy, Channel Magic, Renounce Religion


You were on level 8 of the Dungeon.
You worshipped Sif Muna.
Sif Muna was most pleased with you.
You were not hungry.

You visited 1 branch of the dungeon, and saw 8 of its levels.

You collected 358 gold pieces.
You spent 168 gold pieces at shops.

Inventory:

Hand Weapons
 a - a +0 hand axe
 q - a +0 short sword
 t - a +0 mace
 u - a -1 short sword
 y - a +2 scimitar of holy wrath (weapon)
 G - a +0 war axe
 M - a +0 dagger of electrocution
Missiles
 b - 252 stones (quivered)
Armour
 c - a +0 robe
 O - the cursed +1 ring mail of Joy (worn) {rPois rF- rC- Int+6}
   (You found it on level 7 of the Dungeon)

   It affects your intelligence (+6).
   It makes you vulnerable to fire.
   It makes you vulnerable to cold.
   It protects you from poison.
   It has a curse placed upon it.
Jewellery
 j - a ring of magical power (left hand)
 n - a +4 ring of evasion
 p - an uncursed ring of resist corrosion
 z - the ring of Waugh (right hand) {rF+ rC- Slay+5 SInv Stlth+}
   (You bought it in a shop on level 4 of the Dungeon)

   [ring of protection from fire]

   It affects your accuracy and damage with ranged weapons and melee attacks
   (+5).
   It protects you from fire.
   It makes you vulnerable to cold.
   It lets you see invisible.
   It makes you more stealthy.
 D - a +3 ring of intelligence
Wands
 L - a wand of disintegration (22)
Scrolls
 f - a scroll of random uselessness {unknown}
 g - 2 scrolls of amnesia {unknown}
 k - 2 scrolls of remove curse
 r - 2 scrolls of teleportation
 x - a scroll of immolation {unknown}
 C - 2 scrolls of enchant weapon {unknown}
 E - 2 scrolls of fog {unknown}
 I - a scroll of blinking {unknown}
 J - a scroll of fear
Potions
 i - 2 potions of might
 o - 2 potions of agility
 s - 3 potions of ambrosia
 v - 3 potions of curing
 w - a potion of heal wounds
 B - 2 potions of haste
 F - a potion of degeneration
 H - 2 potions of lignification
 K - a potion of mutation {unknown}
 N - a potion of invisibility {unknown}
 Q - a potion of resistance {unknown}
Books
 e - a book of Geomancy

   Spells                             Type                      Level
   a - Sandblast                      Earth                        1
   b - Passwall                       Transmutation/Earth          2
   c - Stone Arrow                    Conjuration/Earth            3
   d - Petrify                        Transmutation/Earth          4
   e - Lee's Rapid Deconstruction     Earth                        5
 A - a book of Cantrips

   Spells                             Type                      Level
   a - Confusing Touch                Hexes                        1
   b - Animate Skeleton               Necromancy                   1
   c - Summon Small Mammal            Summoning                    1
   d - Apportation                    Translocation                1
Comestibles
 d - 9 bread rations
 h - 4 royal jellies
 l - 2 meat rations
 m - 7 fruits
 P - 2 chunks of flesh


   Skills:
 + Level 3.1 Fighting
 + Level 3.2 Armour
 - Level 1.5 Dodging
 - Level 2.1 Stealth
 + Level 6.4 Spellcasting
 + Level 6.6 Conjurations
   Level 0.7 Transmutations
 + Level 8.9 Earth Magic


You had 11 spell levels left.
You knew the following spells:

 Your Spells              Type           Power        Failure   Level  Hunger
a - Sandblast             Erth           ######       1%          1    None
b - Stone Arrow           Conj/Erth      #####.       1%          3    None
c - Lee's Rapid Deconstr  Erth           ######....   11%         5    #####..


Dungeon Overview and Level Annotations

Branches:
Dungeon (8/15)             Temple (0/1) D:7
   Lair: D:8-11

Altars:
Ashenzari
Cheibriados
Elyvilon
Fedhas
Kikubaaqudgha
Nemelex Xobeh
Okawaru
Sif Muna
Uskayaw
Wu Jian

Shops:
D:4 *   D:6 *

Annotations:
D:2 exclusion: 2 downstairs
D:7 4 runed doors, exclusion: downstairs
D:8 Gerstahl's ghost, novice NaIE


Innate Abilities, Weirdness & Mutations

You are resistant to torment.
Your stone body is resilient. (AC +6)
You are immune to poison.
You resist negative energy. (rN+)
You are resistant to electric shocks. (rElec)
You can survive without breathing.
You are immune to petrification.
You are immune to rotting.


Message History

The blast of sand hits Gerstahl's ghost.
Gerstahl's ghost is heavily damaged.
b - 253 stones Gerstahl's ghost points at you and mumbles some strange words.
You are frozen.
Casting: Sandblast
Confirm with . or Enter, or press ? or * to list all spells.
Aiming: Sandblast
Press: ? - help, Shift-Dir - straight line, f/p - Gerstahl's ghost
Aim: Gerstahl's ghost, wielding a vampiric weapon (heavily damaged)
The blast of sand hits Gerstahl's ghost.
Gerstahl's ghost is severely damaged.
b - 252 stones Gerstahl's ghost points at you and mumbles some strange words.
You are frozen.
* * * LOW HITPOINT WARNING * * *
Gerstahl's ghost gestures at you while chanting.
The shard of ice hits you!
You feel a painful chill!
Ouch! That really hurt!
You die...

# ...####.....###....... . ...
#..8..._...8..# <. #.
#......).....# ..
#..8.......8.# .l. #
#............# ...### ##.###
#..8.......8.#
.....##.....###............#
....W<.......##..###.##......
..............##@##..#########
.......................#
..............##W#####.....
..............##.##########
.....................#
..........>......###.#
................## ..........#
#..######...


You could see Gerstahl's ghost.

Vanquished Creatures
  A hungry ghost (D:7)
  A sky beast (D:7)
  A hornet zombie (D:6)
  A black bear (D:6)
  An ice beast (D:8)
  An orc warrior (D:7)
  2 phantoms
  An ogre (D:3)
  A necrophage (D:7)
  A centaur (D:7)
  A bullfrog (D:7)
  5 scorpions
  A killer bee (D:7)
  3 howler monkeys
  A bullfrog zombie (D:7)
  A crimson imp (D:6)
  3 orc priests
  2 hounds
  A jelly (D:5)
  4 orc wizards
  A centaur skeleton (D:8)
  7 worker ants
  2 hound skeletons
  A howler monkey skeleton (D:7)
  7 adders
  3 gnolls (D:6)
  3 shadow imps
  An adder skeleton (D:6)
  3 worms
  2 dart slugs
  6 leopard geckos
  20 orcs
  6 giant cockroaches
  4 goblins
  6 hobgoblins
  3 quokkas
  2 ball pythons
  A ball python skeleton (D:6)
  4 bats
  5 frilled lizards
  A jackal skeleton (D:4)
  5 kobolds
  9 rats
135 creatures vanquished.

Vanquished Creatures (others)
  5 toadstools (D:1)
5 creatures vanquished.

Grand Total: 140 creatures vanquished

Notes
Turn   | Place    | Note
-------+----------+-------------------------------------------
     0 | D:1      | mortelune the Gargoyle Earth Elementalist began the quest for the Orb.
     0 | D:1      | Reached XP level 1. HP: 10/10 MP: 3/3
   250 | D:1      | Reached skill level 4 in Earth Magic
   250 | D:1      | Reached XP level 2. HP: 15/15 MP: 3/5
   876 | D:1      | Reached XP level 3. HP: 19/19 MP: 6/6
  1372 | D:2      | Found a faded altar of an unknown god.
  1383 | D:2      | Learned a level 3 spell: Stone Arrow
  1468 | D:2      | Found a deep blue altar of Sif Muna.
  1474 | D:2      | Became a worshipper of Sif Muna the Loreminder
  2429 | D:2      | Reached XP level 4. HP: 11/24 MP: 1/8
  2461 | D:2      | Reached skill level 1 in Conjurations
  2461 | D:2      | Reached skill level 5 in Earth Magic
  2991 | D:3      | Reached XP level 5. HP: 15/28 MP: 1/10
  4145 | D:4      | Noticed an ogre
  4150 | D:3      | Killed an ogre
  4150 | D:3      | Reached XP level 6. HP: 32/32 MP: 7/11
  4273 | D:4      | Found an ornate altar of the Wu Jian Council.
  4337 | D:4      | Found Netuuppu's Assorted Antiques.
  4426 | D:4      | Bought a bound bronze ring for 130 gold pieces
  4427 | D:4      | Identified the ring of Waugh {rF+ rC- Slay+5 SInv Stlth+} (You bought it in a shop on level 4 of the Dungeon)
  4449 | D:4      | Reached skill level 6 in Earth Magic
  4461 | D:4      | Reached * piety under Sif Muna
  4683 | D:4      | Noticed a phantom
  4689 | D:4      | Killed a phantom
  4689 | D:4      | Reached XP level 7. HP: 35/36 MP: 3/13
  4892 | D:4      | Found a blossoming altar of Fedhas.
  4981 | D:4      | Found a sparkling altar of Nemelex Xobeh.
  5272 | D:5      | Entered Level 5 of the Dungeon
  5657 | D:5      | Found an iron altar of Okawaru.
  5957 | D:5      | Learned a level 5 spell: Lee's Rapid Deconstruction
  6414 | D:6      | Reached skill level 7 in Earth Magic
  6522 | D:6      | Reached skill level 5 in Spellcasting
  6644 | D:6      | Reached XP level 8. HP: 41/41 MP: 15/15
  6762 | D:6      | Found Fasmaa's General Store.
  6853 | D:6      | Bought a scroll of fear for 38 gold pieces
  6897 | D:6      | Reached skill level 5 in Conjurations
  7317 | D:6      | Reached ** piety under Sif Muna
  7515 | D:6      | Found a white marble altar of Elyvilon.
  7723 | D:6      | Reached skill level 8 in Earth Magic
  7739 | D:7      | Got a steaming ring mail
  7750 | D:7      | Identified the cursed +1 ring mail of Joy {rPois rF- rC- Int+6} (You found it on level 7 of the Dungeon)
  7761 | D:7      | Found a snail-covered altar of Cheibriados.
  7765 | D:7      | Found a huge runed gate.
  7765 | D:7      | Found a huge runed gate.
  7765 | D:7      | Found a huge runed gate.
  7765 | D:7      | Noticed a polar bear
  7765 | D:7      | Noticed a yak
  7766 | D:7      | Found a huge runed gate.
  7766 | D:7      | Noticed a hippogriff
  7766 | D:7      | Noticed a manticore
  7767 | D:7      | Noticed a death yak
  7767 | D:7      | Noticed a polar bear
  7767 | D:7      | Noticed a polar bear
  7767 | D:7      | Noticed a dream sheep
  7767 | D:7      | Noticed a death yak
  7767 | D:7      | Noticed a yak
  7768 | D:7      | Noticed a yak
  7991 | D:7      | Reached skill level 1 in Fighting
  7991 | D:7      | Reached skill level 1 in Armour
  8178 | D:7      | Reached XP level 9. HP: 48/48 MP: 17/18
  8555 | D:7      | Found a shattered altar of Ashenzari.
  8616 | D:7      | Found an ancient bone altar of Kikubaaqudgha.
  8631 | D:7      | Found an iron altar of Okawaru.
  8666 | D:7      | Found a staircase to the Ecumenical Temple.
  8728 | D:8      | Noticed Gerstahl's ghost (novice NaIE)
  8729 | D:8      | Reached *** piety under Sif Muna
  9109 | D:8      | Found a hide-covered altar of Uskayaw.
  9156 | D:8      | Killed from afar by Gerstahl's ghost

Vault maps used:
D:1:      ldierk_walled_garden
D:2:      led_sif_pool, chequers_ecumenical_altar_simple_redux
D:4:      marbit_many_paths, lemuel_coloured_pillars_altar, old_standard_altar,
          first_bread, serial_shops, shop
D:5:      okawaru_gym_becter
D:6:      kennysheep_mini_moat, serial_shops, shop
D:7:      lemuel_bear_cage, nicolae_overflow_quartered_altars,
          minmay_temple_entry_enclosed_plants, kennysheep_potato
D:8:      lemuel_round_altar, eat_drink_and_be_merry_uskayaw, uniq_erica

Skill      XL: |  1  2  3  4  5  6  7  8  9 |
---------------+----------------------------+-----
Earth Magic    | 4 5 6 7 8 |  8.9
Spellcasting   | 3 4 5 6 |  6.4
Conjurations   | 1 2 3 4 6 |  6.6
Fighting       | 2 3 |  3.1
Armour         | 2 3 |  3.2
Dodging        | |  1.5
Stealth        | |  2.1
Transmutations | |  0.7

Action                   |  1- 3 |  4- 6 |  7- 9 || total
-------------------------+-------+-------+-------++-------
Melee: Hand axe          |    88 |       |       ||    88
       Mace              |     2 |    29 |     3 ||    34
       Scimitar          |       |       |    14 ||    14
 Cast: Sandblast         |    25 |    46 |    41 ||   112
       Stone Arrow       |     3 |    20 |    77 ||   100
  Use: Scroll            |       |     3 |     8 ||    11
 Stab: Sleeping          |       |     1 |       ||     1
  Eat: Chunk             |     5 |     8 |    12 ||    25
       Meat ration       |       |       |     1 ||     1
       Fruit             |       |       |     1 ||     1
Armor: Robe              |    34 |    10 |     4 ||    48
       Ring mail         |       |       |    10 ||    10
Dodge: Dodged            |    91 |    52 |    15 ||   158
       Rpst.: Scimitar   |       |       |     6 ||     6

Table legend:
 A = Spawn XP
 B = Non-spawn XP
 C = Spawn XP percentage of total XP
 D = Spawn monster count
 E = Non-spawn monster count
 F = Spawn count percentage of total count
 G = Total turns spent on level
                    A         B        C        D         E        F      G
               +---------+---------+-------+---------+---------+-------+---------
         Total |       0 |    3258 |   0.0 |       0 |     135 |   0.0 |  9156
               +---------+---------+-------+---------+---------+-------+---------
           D:1 |       0 |      39 |   0.0 |       0 |      22 |   0.0 |  1286
           D:2 |       0 |      92 |   0.0 |       0 |      19 |   0.0 |  1917
           D:3 |       0 |     264 |   0.0 |       0 |      24 |   0.0 |   979
           D:4 |       0 |     390 |   0.0 |       0 |      14 |   0.0 |  1090
           D:5 |       0 |     123 |   0.0 |       0 |       6 |   0.0 |  1030
           D:6 |       0 |     866 |   0.0 |       0 |      21 |   0.0 |  1430
           D:7 |       0 |    1270 |   0.0 |       0 |      22 |   0.0 |  1229
           D:8 |       0 |     214 |   0.0 |       0 |       7 |   0.0 |   195
               +---------+---------+-------+---------+---------+-------+---------
